 Dungeon Crawl Stone Soup version 0.16.0-17-g811c1d7 (webtiles) character file.

16956 Woebin the Cleaver (level 12, -13/103 HPs)
             Began as a Minotaur Fighter on Mar 20, 2015.
             Was a High Priest of Okawaru.
             Mangled by Rupert
             ... wielding a +1 battleaxe of freezing
              (30 damage)
             ... while paralysed by Rupert
             ... on level 3 of the Lair of Beasts.
             The game lasted 00:49:37 (11760 turns).

Woebin the Cleaver (Minotaur Fighter)              Turns: 11760, Time: 00:49:38

Health: -13/103    AC: 20    Str: 29    XL:     12   Next: 14%
Magic:  11/21      EV:  2    Int:  8    God:    Okawaru [*****.]
Gold:   1475       SH:  0    Dex: 14    Spells: 1 memorised, 18 levels left

rFire  + . .     SeeInvis .     a - +0 broad axe
rCold  . . .     Clarity  .     s - +4 chain mail {rF+}
rNeg   . . .     SustAb   .     c - +0 shield
rPois  +         Gourm    .     (helmet restricted)
rElec  .         Spirit   .     m - +0 cloak
rCorr  .         Warding  .     z - +0 pair of gloves
rMut   .         Stasis   .     x - +0 pair of boots
MR     .....                    t - amulet of faith
Stlth  ..........               Q - +5 ring of evasion
                                I - ring "Hahel" {rPois Str+4 Dex+4 Stlth-}

@: paralysed, very slightly contaminated, not resistant to hostile enchantments,
extremely unstealthy
A: retaliatory headbutt, horns 2, clever 1, evolution 1
a: Heroism, Finesse, Renounce Religion


You were on level 3 of the Lair of Beasts.
You worshipped Okawaru.
Okawaru was extremely pleased with you.
You were very hungry.

You visited 3 branches of the dungeon, and saw 14 of its levels.
You also visited: Sewer and Bailey.

You collected 1475 gold pieces.

Inventory:

Hand weapons
 a - a +0 broad axe (weapon)
Missiles
 G - 7 tomahawks of dispersal
 S - 9 tomahawks of returning (quivered)
Armour
 c - a +0 shield (worn)
 m - a +0 cloak (worn)
 o - a +2 ring mail of poison resistance
 s - a +4 chain mail of fire resistance (worn)
 x - a +0 pair of boots (worn)
 z - a +0 pair of gloves (worn)
Jewellery
 d - a cursed -3 ring of evasion
 k - an uncursed ring of protection from magic
 t - an amulet of faith (around neck)
 v - an uncursed amulet of resist corrosion
 I - the ring "Hahel" (left hand) {rPois Str+4 Dex+4 Stlth-}
   (You found it on level 5 of the Dungeon)

   [ring of loudness]

   It affects your strength (+4).
   It affects your dexterity (+4).
   It protects you from poison.
   It makes you less stealthy.
 Q - a +5 ring of evasion (right hand)
 R - a cursed ring of teleportation {unknown}
Magical devices
 b - a wand of enslavement (17)
 e - a wand of frost (36)
 u - a wand of teleportation (3)
 F - a wand of paralysis (9)
 L - a wand of lightning (5)
 N - a wand of cold (5)
Scrolls
 g - 7 scrolls of identify
 j - 6 scrolls of remove curse
 l - 2 scrolls of magic mapping
 n - 5 scrolls of teleportation
 r - a scroll of enchant weapon
 w - 5 scrolls of fog
 C - 2 scrolls of fear
 U - a scroll of holy word
Potions
 f - a potion of restore abilities {unknown}
 h - 4 potions of curing
 D - a potion of magic
 E - a potion of heal wounds
 H - a potion of invisibility
 M - a potion of flight
 W - 2 potions of haste
 X - a potion of agility
 Z - a potion of might
Books
 y - a book of Enchantments

   Spells                             Type                      Level
   a - Tukima's Dance                 Hexes                        3
   b - Cause Fear                     Hexes                        4
   c - Silence                        Hexes/Air                    5
   d - Deflect Missiles               Charms/Air                   6
   e - Haste                          Charms                       6
   f - Discord                        Hexes                        8
Miscellaneous
 i - a disc of storms
 p - a plain deck of summoning {drawn: 1}
 V - a lamp of fire
Comestibles
 q - 3 bread rations
 A - 3 royal jellies
 B - 3 meat rations


   Skills:
 + Level 8.7 Fighting
 + Level 11.3 Axes
 - Level 0.8 Throwing
 + Level 10.3 Armour
 + Level 5.0 Dodging
 - Level 1.0 Stealth
 + Level 10.2 Shields
 * Level 5.2 Spellcasting
 * Level 5.4 Hexes


You had 18 spell levels left.
You knew the following spells:

 Your Spells              Type           Power        Failure   Level  Hunger
a - Tukima's Dance        Hex            ##......     71%         3    ###....


Dungeon Overview and Level Annotations

Branches:
Dungeon (10/15)            Temple (1/1) D:7            Lair (3/8) D:10
  Swamp: Lair:3-6    Shoals: Lair:3-6     Snake: Lair:3-6    Spider: Lair:3-6
    Orc: D:9-12

Altars:
Ashenzari
Cheibriados
Dithmenos
Elyvilon
Fedhas
Gozag
Kikubaaqudgha
Makhleb
Nemelex Xobeh
Okawaru
Qazlal
Ru
Sif Muna
Trog
Vehumet
Xom
Yredelemnul
Zin
The Shining One

Shops:
D:5 }

Annotations:
Lair:3 Rupert


Innate Abilities, Weirdness & Mutations

You reflexively headbutt those who attack you in melee.
You have a pair of horns on your head.
Your mind is acute. (Int +2)
You evolve.


Message History

The komodo dragon bites you but does no damage.
You barely miss Rupert.
Rupert is moderately wounded.
You slash the komodo dragon!!
You kill the komodo dragon!
Okawaru accepts your kill. Rupert yells loudly at you.
You suddenly lose the ability to move!
Rupert hits you with a battleaxe of freezing.
Rupert freezes you.
Rupert roars madly and goes into a rage!
Rupert goes berserk!
Rupert hits you with a battleaxe of freezing!!
Rupert freezes you!
Rupert hits you with a battleaxe of freezing!!
* * * LOW HITPOINT WARNING * * *
Rupert freezes you!
* * * LOW HITPOINT WARNING * * *
Rupert hits you with a battleaxe of freezing!!
You die...

. ... # ## ....
#.###
####.#..... .
.....
###...@.......
>......
###....@....#
....#.##
#.......##.##
...#. #.
#.....###
......P#.
#.P..##
.........
##...###
.........
##....# P.
..###.#.
##...## ###...
####
#.#...##.#....#
#
####....#....#
###


You could see Rupert (berserk).

Vanquished Creatures
  The ghost of dadoka the Thaumaturge, an experienced DEIE of Vehumet (Lair:1)
  An ugly thing (D:6)
  2 black mambas (Lair:2)
  3 spiny frogs
  Psyche (D:9)
  5 komodo dragons
  2 centaur skeletons (D:10)
  A fire drake (Lair:2)
  Prince Ribbit (D:8)
  A basilisk (Lair:2)
  7 blink frogs (Lair:2)
  A trapdoor spider zombie (D:9)
  11 yaks
  A wyvern (Lair:2)
  A deep elf mage (D:9)
  A human (D:7)
  Eustachio (D:8)
  2 hippogriffs
  Grum (D:8)
  2 water moccasins
  Edmund (D:9)
  8 orc warriors
  An ice beast (D:8)
  5 wolves
  3 porcupines (Lair:2)
  3 phantoms
  A black bear (D:4)
  An eye of draining (D:9)
  2 sky beasts
  6 ogres
  4 centaurs
  A big kobold (D:10)
  Sigmund (D:4)
  13 giant frogs
  4 crocodiles
  Blork the orc (D:5)
  2 wyvern zombies
  A gnoll sergeant (D:7)
  4 scorpions
  7 wights
  4 crimson imps
  11 killer bees
  2 goliath beetles
  9 orc priests
  3 jellies
  A quasit (D:10)
  Crazy Yiuf (D:6)
  A giant frog zombie (D:10)
  2 iguanas (Lair:1)
  6 orc wizards
  7 worker ants
  2 giant frog skeletons
  2 hounds (Lair:2)
  3 sheep (D:7)
  A hound zombie (D:6)
  A hound skeleton (D:7)
  2 worker ant zombies (D:9)
  3 gnolls (D:7)
  15 adders
  13 river rats
  2 shadow imps
  2 giant mites (D:6)
  A worm (D:5)
  An adder skeleton (D:6)
  7 giant geckos
  An ooze (D:2)
  23 orcs
  7 ball pythons
  10 bats
  A bat skeleton (D:5)
  4 giant cockroaches
  11 goblins
  19 hobgoblins
  28 kobolds
  11 quokkas
  A giant cockroach zombie (D:6)
  A giant gecko skeleton (D:6)
  13 giant newts
  A giant spore (D:8)
  2 jackals (D:1)
  19 rats
  12 ballistomycetes (D:8)
  2 fungi
  A plant (Lair:2)
384 creatures vanquished.

Vanquished Creatures (others)
  A sky beast (D:8)
  2 giant spores (D:8)
  A kobold (D:8)
4 creatures vanquished.

Grand Total: 388 creatures vanquished

Notes
Turn   | Place    | Note
--------------------------------------------------------------
     0 | D:1      | Woebin, the Minotaur Fighter, began the quest for the Orb.
     0 | D:1      | Reached XP level 1. HP: 19/19 MP: 1/1
   139 | D:1      | Reached skill level 4 in Shields
   150 | D:1      | Reached XP level 2. HP: 21/27 MP: 1/1
   467 | D:1      | Reached XP level 3. HP: 33/33 MP: 2/2
  1135 | D:2      | Reached XP level 4. HP: 27/40 MP: 2/2
  1693 | D:3      | Found an ancient bone altar of Kikubaaqudgha.
  2090 | D:4      | Reached skill level 1 in Dodging
  2090 | D:4      | Reached XP level 5. HP: 46/46 MP: 2/2
  2441 | D:4      | Noticed a black bear
  2446 | D:4      | Killed a black bear
  2446 | D:4      | Reached skill level 5 in Armour
  2446 | D:4      | Reached skill level 5 in Shields
  2557 | D:4      | Learned a level 3 spell: Tukima's Dance
  2677 | D:4      | Noticed an ogre
  2683 | D:4      | Killed an ogre
  2683 | D:4      | Reached XP level 6. HP: 48/53 MP: 3/3
  2736 | D:4      | Noticed Sigmund
  2750 | D:4      | Killed Sigmund
  2750 | D:4      | Reached skill level 1 in Spellcasting
  2901 | D:5      | Entered Level 5 of the Dungeon
  2909 | D:5      | Reached skill level 1 in Stealth
  2909 | D:5      | Reached XP level 7. HP: 50/60 MP: 5/5
  3051 | D:5      | Found a glowing drain.
  3059 | Sewer    | Entered a sewer
  3177 | Sewer    | Reached skill level 1 in Hexes
  3549 | D:5      | Got a warped granite ring
  3550 | D:5      | Identified the ring "Hahel" {rPois Str+4 Dex+4 Stlth-} (You found it on level 5 of the Dungeon)
  3798 | D:5      | Found Theoriac's Quality Used Wands.
  3807 | D:5      | Reached skill level 5 in Fighting
  3829 | D:5      | Reached skill level 6 in Armour
  3882 | D:5      | Noticed Blork the orc
  3893 | D:5      | Killed Blork the orc
  3893 | D:5      | Reached skill level 5 in Axes
  4078 | D:6      | Noticed Crazy Yiuf
  4084 | D:6      | Killed Crazy Yiuf
  4084 | D:6      | Reached XP level 8. HP: 62/68 MP: 7/7
  4179 | D:6      | Noticed a cyan ugly thing
  4185 | D:6      | Killed a cyan ugly thing
  4188 | D:6      | Reached skill level 7 in Armour
  4637 | D:6      | Reached XP level 9. HP: 66/75 MP: 10/10
  4737 | D:6      | Found a shattered altar of Ashenzari.
  4843 | D:6      | Found a burning altar of Makhleb.
  5035 | D:6      | Found a deep blue altar of Sif Muna.
  5296 | D:7      | Found a staircase to the Ecumenical Temple.
  5302 | Temple   | Entered the Ecumenical Temple
  5741 | D:7      | You fall through a shaft for 2 floors!
  5763 | D:9      | Reached skill level 8 in Armour
  5889 | D:9      | Noticed Psyche
  5899 | D:9      | Killed Psyche
  5950 | D:9      | Noticed Edmund
  5968 | D:9      | Killed Edmund
  6254 | D:9      | Reached XP level 10. HP: 64/84 MP: 14/14
  6360 | D:8      | Noticed Grum
  6459 | D:8      | Killed Grum
  6539 | D:8      | Noticed Eustachio
  6541 | D:8      | Killed Eustachio
  6541 | D:8      | Reached skill level 9 in Armour
  6646 | D:8      | Noticed Prince Ribbit
  6664 | D:8      | Killed Prince Ribbit
  6814 | D:8      | Found a flagged portal.
  6835 | Bailey   | Entered a bailey
  6921 | Bailey   | Found an iron altar of Okawaru.
  6955 | Bailey   | Became a worshipper of Warmaster Okawaru
  7813 | D:9      | Acquired Okawaru's first power
  7903 | D:9      | Gained mutation: You evolve. [potion of beneficial mutation]
  8038 | D:9      | Gained mutation: Your mind is acute. (Int +2) [evolution]
  8064 | D:9      | Found a glowing golden altar of the Shining One.
  8155 | D:9      | Found a stormy altar of Qazlal.
  8155 | D:9      | Found an opulent altar of Gozag.
  8156 | D:9      | Found an iron altar of Okawaru.
  8160 | D:9      | Found a snail-covered altar of Cheibriados.
  8306 | D:10     | Entered Level 10 of the Dungeon
  8486 | D:10     | Found a staircase to the Lair.
  8495 | D:10     | Reached XP level 11. HP: 89/92 MP: 17/17
  9353 | Lair:1   | Entered Level 1 of the Lair of Beasts
  9662 | Lair:1   | Reached skill level 10 in Axes
  9800 | Lair:1   | Noticed dadoka's ghost (experienced DEIE)
  9811 | Lair:1   | Killed dadoka's ghost
 10294 | Lair:2   | Reached skill level 5 in Hexes
 10370 | Lair:2   | Acquired Okawaru's second power
 10514 | Lair:2   | Received a gift from Okawaru
 10699 | Lair:2   | Reached skill level 5 in Spellcasting
 10788 | Lair:2   | Reached skill level 11 in Axes
 10788 | Lair:2   | Reached skill level 10 in Armour
 10792 | Lair:2   | Reached skill level 10 in Shields
 10817 | Lair:2   | Reached skill level 5 in Dodging
 10817 | Lair:2   | Reached XP level 12. HP: 103/103 MP: 21/21
 11076 | Lair:2   | You fall through a shaft!
 11747 | Lair:3   | Noticed Rupert
 11755 | Lair:3   | Paralysed by Rupert for 6 turns
 11760 | Lair:3   | Mangled by Rupert

Action                   |  1- 3 |  4- 6 |  7- 9 | 10-12 || total
-------------------------+-------+-------+-------+-------++-------
Melee: War axe           |    73 |    97 |   230 |    76 ||   476
       Broad axe         |       |       |       |   303 ||   303
Throw: Stone             |    16 |       |     3 |       ||    19
       Tomahawk          |       |       |     6 |    36 ||    42
 Cast: Tukima's Dance    |       |       |       |     1 ||     1
Evoke: Deck              |       |       |       |     1 ||     1
       Disc of storms    |       |       |       |     1 ||     1
  Use: Potion            |       |     1 |     6 |     1 ||     8
       Scroll            |       |       |    13 |    11 ||    24
  Eat: Chunk             |     1 |     4 |    10 |    14 ||    29
       Beef jerky        |       |     1 |       |     1 ||     2
       Pizza             |       |       |     1 |     1 ||     2
